 Dungeon Crawl Stone Soup version 0.23.0 (webtiles) character file.

Game seed: 1759966563194840670

166 Flugkiller the Sneak (level 5, 0/28 HPs)
             Began as a Vine Stalker Assassin on Feb 18, 2019.
             Succumbed to a worker ant's poison
             ... on level 4 of the Dungeon.
             The game lasted 00:02:46 (2610 turns).

Flugkiller the Sneak (Vine Stalker Assassin)        Turns: 2610, Time: 00:02:47

Health: 0/28       AC: 10    Str: 13 (14) XL:     5   Next: 47%
Magic:  3/6        EV:  5    Int: 11      God:
Gold:   192        SH:  4    Dex: 15 (16) Spells: 4/4 levels left

rFire    . . .     SeeInvis .   a - +2 dagger
rCold    . . .     Gourm    .   n - +0 buckler (curse)
rNeg     . . .     Faith    .   k - +0 chain mail
rPois    .         Spirit   +   (no helmet)
rElec    .         Reflect  .   d - +0 cloak
rCorr    .         Harm     .   s - +0 pair of gloves
MR       .....                  (no boots)
Stlth    ..........             (no amulet)
HPRegen  0.49/turn              (no ring)
MPRegen  0.10/turn              (no ring)

@: lethally poisoned (0 -> -6)
A: fangs 2, regeneration 1, magic shield, antimagic bite, no potion heal 3, rot
immunity
a: no special abilities


You were on level 4 of the Dungeon.
You were hungry.

You visited 1 branch of the dungeon, and saw 4 of its levels.

You collected 192 gold pieces.

Inventory:

Hand Weapons
 a - a +2 dagger (weapon)
 b - a +0 blowgun
Missiles
 e - 21 poisoned needles
 f - 2 curare-tipped needles
Armour
 d - a +0 cloak (worn)
 k - a +0 chain mail (worn)
   (You found it on level 1 of the Dungeon)
 n - a cursed +0 buckler (worn)
   (You found it on level 2 of the Dungeon)
 s - a +0 pair of gloves (worn)
   (You found it on level 2 of the Dungeon)
Scrolls
 c - a scroll of magic mapping {unknown}
 h - a scroll of fog {unknown}
 i - a scroll of enchant armour {unknown}
 j - a scroll of remove curse {unknown}
 m - 2 scrolls of blinking {unknown}
 o - 2 scrolls of teleportation {unknown}
 p - 3 scrolls of fear {unknown}
 t - a scroll of enchant weapon {unknown}
 u - a scroll of identify {unknown}
 v - a scroll of amnesia {unknown}
Potions
 l - 5 potions of curing
 q - a potion of berserk rage {unknown}
Comestibles
 g - 13 rations
 r - 8 chunks of flesh


   Skills:
 + Level 3.1 Fighting
 * Level 3.5 Short Blades
 - Level 1.7 Throwing
 + Level 1.1 Armour
 - Level 0.7 Dodging
 - Level 4.8 Stealth
 + Level 1.2 Shields


You had 4 spell levels left.
You didn't know any spells.
Your spell library was empty.

Dungeon Overview and Level Annotations

Branches:
Dungeon (4/15)
 Temple: D:4-7

Altars:
Ashenzari
Dithmenos
Elyvilon
Fedhas
Kikubaaqudgha
Trog
Yredelemnul
Zin

Shops:
D:4 ((


Innate Abilities, Weirdness & Mutations

You have extremely sharp teeth.
Your natural rate of healing is unusually fast.
When hurt, damage is shared between your health and your magic reserves.
Your bite disrupts and absorbs the magic of your enemies.
Potions cannot restore your health.
You are immune to rotting.


Message History

You feel sick.
The worker ant bites you but does no damage.
Unknown command.
Your chain mail prevents you from hitting the worker ant.
You bite the worker ant, but do no damage.
The worker ant is almost dead.
You feel sick.
The worker ant bites you but does no damage.
Unknown command.
You closely miss the worker ant. Your bite misses the worker ant.
The worker ant is almost dead.
You feel sick.
The worker ant bites you but does no damage.
Unknown command.
You closely miss the worker ant.
The worker ant is almost dead.
The worker ant bites you but does no damage.
Unknown command.
You hit the worker ant but do no damage.
You bite the worker ant, but do no damage.
The worker ant is almost dead.
You feel sick.
The worker ant bites you but does no damage.
Unknown command.
You hit the worker ant but do no damage.
Your bite misses the worker ant.
The worker ant is almost dead.
You feel sick. The worker ant bites you.
* * * LOW HITPOINT WARNING * * *
You aren't carrying any items that you can evoke.
Unknown command.
Your chain mail prevents you from hitting the worker ant.
You bite the worker ant, but do no damage.
The worker ant is almost dead.
You block the worker ant's attack.
Unknown command.
You hit the worker ant but do no damage.
The worker ant is almost dead.
You feel sick. The worker ant bites you.
* * * LOW HITPOINT WARNING * * *
You are lethally poisoned!
The worker ant poisons you!
You hit the worker ant but do no damage.
The worker ant is almost dead.
* * * LOW HITPOINT WARNING * * *
You feel sick.
The worker ant bites you but does no damage.
You completely miss the worker ant.
The worker ant is almost dead.
You die...

................#
................#
................##
.................##
#..............#..#
#.............#..##
#####............#
##...######.....#
##..### ####.@#
....#### ##a.#
.......# ..##
.......## #..#
........# ...#
.>......# #...#
.....[..## ....#
.........# #....#
.........#


You could see a worker ant.

Vanquished Creatures
  A worker ant (D:2)
  3 gnolls (D:3)
  2 adders (D:2)
  An ooze (D:2)
  A worm (D:2)
  4 dart slugs (D:1)
  3 leopard geckos
  6 orcs
  2 ball pythons
  3 giant cockroaches
  5 goblins
  8 hobgoblins
  2 quokkas (D:4)
  5 bats
  5 frilled lizards
  8 kobolds
  A leopard gecko skeleton (D:4)
  16 rats
76 creatures vanquished.

Notes
Turn   | Place    | Note
-------+----------+-------------------------------------------
     0 | D:1      | Flugkiller the Vine Stalker Assassin began the quest for
                  | the Orb.
     0 | D:1      | Reached XP level 1. HP: 11/11 MP: 2/2
    40 | D:1      | Reached XP level 2. HP: 15/15 MP: 3/3
   363 | D:1      | Reached XP level 3. HP: 19/19 MP: 4/4
   984 | D:2      | Found a faded altar of an unknown god.
  1002 | D:2      | Gained mutation: Your natural rate of healing is unusually
                  | fast. [Vine Stalker growth]
  1002 | D:2      | Reached XP level 4. HP: 6/23 MP: 1/5
  1794 | D:3      | Reached skill level 1 in Shields
  1794 | D:3      | Reached XP level 5. HP: 28/28 MP: 6/6
  1956 | D:3      | Found a white marble altar of Elyvilon.
  1959 | D:3      | Found a basalt altar of Yredelemnul.
  1962 | D:3      | Found a shadowy altar of Dithmenos.
  2194 | D:3      | Reached skill level 1 in Armour
  2230 | D:3      | Found a bloodstained altar of Trog.
  2230 | D:3      | Found a shattered altar of Ashenzari.
  2230 | D:3      | Found a blossoming altar of Fedhas.
  2231 | D:3      | Found an ancient bone altar of Kikubaaqudgha.
  2232 | D:3      | Found a glowing silver altar of Zin.
  2439 | D:4      | Found Dide's Antique Weapon Shop.
  2512 | D:4      | Found Kaynuqex's Weapon Emporium.
  2609 | D:4      | HP: 1/28 [poisoned by a worker ant]
  2610 | D:4      | Succumbed to a worker ant's poison

Skill      XL: |  1  2  3  4  5 |
---------------+----------------+-----
Fighting       | 2 3 |  3.1
Short Blades   | 2 3 |  3.5
Shields        | 1 |  1.2
Armour         | 1 |  1.1
Throwing       | |  1.7
Dodging        | |  0.7
Stealth        | |  4.8

Action                   |  1- 3 |  4- 6 || total
-------------------------+-------+-------++-------
Melee: Dagger            |   109 |   175 ||   284
       Bite              |    21 |    41 ||    62
  Use: Potion            |     3 |       ||     3
 Stab: Sleeping          |     6 |       ||     6
       Distracted        |     1 |       ||     1
  Eat: Chunk             |       |     5 ||     5
Armor: Robe              |     5 |       ||     5
       Chain mail        |    30 |    87 ||   117
Dodge: Dodged            |    40 |    31 ||    71
Block: Buckler           |     6 |    18 ||    24
